 Dungeon Crawl Stone Soup version 0.29.1-15-g9cfb28693d (webtiles) character file.

Game seed: 12865926090988839384

441 Eirik the Chopper (level 6, -2/52 HPs)
             Began as a Draconian Chaos Knight on Apr 12, 2023.
             Was a Plaything of Xom.
             Succumbed to a kobold brigand's curare-tipped dart
             ... on level 6 of the Dungeon.
             The game lasted 00:12:07 (3100 turns).

Eirik the Chopper (Draconian Chaos Knight)          Turns: 3100, Time: 00:12:07

Health: -2/52      AC:  6    Str: 18    XL:     6   Next: 71%
Magic:  6/8        EV: 12    Int: 14    God:    Xom [*.....]
Gold:   165        SH:  0    Dex:  9    Spells: 2/8 levels left

rFire   . . .      SeeInvis .   a - +0 hand axe (chaos)
rCold   . . .      Faith    .   (no shield)
rNeg    . . .      Spirit   .   (body armour unavailable)
rPois   .          Reflect  .   (helmet restricted)
rElec   .          Harm     .   (no cloak)
rCorr   .          Rampage  .   (no gloves)
Will    .....                   (no boots)
Stlth   ++........              (no amulet)
HPRegen 0.17/turn               (no ring)
MPRegen 0.11/turn               (no ring)

@: lethally poisoned (-2 -> -19), slowed, very slow
A: AC +6, unfitting armour, cold-blooded, strong 1, subdued magic 1
a: Renounce Religion


You were on level 6 of the Dungeon.
You worshipped Xom.
You were a special plaything of Xom.
You visited 1 branch of the dungeon, and saw 6 of its levels.

You collected 191 gold pieces.
You spent 26 gold pieces at shops.

Inventory:

Hand Weapons
 a - a +0 hand axe of chaos (weapon)
Missiles
 g - 5 javelins
 j - 2 atropa-tipped darts
Wands
 m - a wand of digging (6)
Scrolls
 e - 2 scrolls of immolation
 h - 2 scrolls of butterflies
 n - a scroll of identify
Miscellaneous
 b - a piece from Xom's chessboard (10/15)


   Skills:
 * Level 4.3 Fighting
 * Level 4.6 Axes
 * Level 1.2 Throwing
 * Level 3.3 Dodging
 * Level 1.9 Stealth
 * Level 1.5 Spellcasting
 * Level 0.3 Conjurations
 * Level 1.4 Fire Magic
 * Level 1.7 Evocations


You had 2 spell levels left.
You knew the following spells:

 Your Spells              Type           Power      Damage    Failure   Level
a - Scorch                Fire           6%         2d5       17%         2
b - Flame Wave            Conj/Fire      2%         2d4       83%         4

Your spell library contained the following spells:

 Spells                   Type           Power      Damage    Failure   Level
 Conjure Ball Lightning   Conj/Air       0%         3x3d6     100%        6
 Summon Cactus Giant      Summ           0%         N/A       100%        6
 Discord                  Hex            0%         N/A       100%        8
 Disjunction              Tloc           0%         N/A       100%        8


Dungeon Overview and Level Annotations

Branches:
Dungeon (6/15)
 Temple: D:4-7

Altars:
Dithmenos
Elyvilon

Shops:
D:1 *


Innate Abilities, Weirdness & Mutations

Your plain brown scales are hard. (AC +6)
You cannot fit into any form of body armour.
You are cold-blooded and may be slowed by cold attacks.
Your muscles are strong. (Str +4, Int/Dex -1)
Your spells are a little easier to cast, but a little less powerful.


Message History

You kill the kobold!
A kobold brigand comes into view.
It is wielding a +0 spear and quivering curare-tipped darts.
You hit the kobold. You freeze the kobold.
You kill the kobold!
The kobold brigand barely misses you.
Casting: Scorch (safe; 17% risk of failure)
Press: ? - help, Q - select action, (/) - cycle Dir - look around, f - activate Flames lash the kobold.
You kill the kobold!
The kobold brigand hits you from afar with a +0 spear.
* * * LOW HITPOINT WARNING * * *
Casting: Scorch (safe; 17% risk of failure)
Press: ? - help, Q - select action, (/) - cycle Dir - look around, f - activate Flames lash the kobold brigand.
The kobold brigand is moderately wounded.
The kobold brigand's fire resistance burns away.
The kobold brigand misses you.
The kobold brigand throws a curare-tipped dart.
The curare-tipped dart closely misses you.
You aren't carrying any potions.
Unknown command.
You don't have any unidentified items.
Unknown command.
As you read the scroll of fear, it crumbles to dust.
You assume a fearsome visage.
The kobold brigand looks frightened!
The kobold brigand begs, "Please don't kill me!"
The kobold brigand is no longer more vulnerable to fire.
You start resting.
A kobold brigand is nearby!
A kobold brigand is nearby!
The kobold brigand throws a curare-tipped dart.
The curare-tipped dart hits you.
You are lethally poisoned!
You have difficulty breathing.
* * * LOW HITPOINT WARNING * * *
You feel yourself slow down.
You make a move on Xom's chessboard...
The kobold brigand resists with significant effort.
You die...
Xom howls with laughter!

###### ##.†..#
##..K#.###
#######..+....)#
#...##..#+#[.#)../.#
#....## ##.[.###.# .
#...## ##..#
...####@.## #.[#
.........## #...
#...###..# # ...#
#..#. #..+ .# ...#
#..##.#<.# ...
####..###.<.# ....
.......####.# ....
#.###...####.#..#.#
#................#


You could see a kobold brigand.

Vanquished Creatures
  2 water moccasins
  A black bear (D:6)
  2 iguanas
  4 gnolls (D:3)
  2 worms (D:3)
  A dart slug (D:1)
  2 ball pythons (D:1)
  5 endoplasms
  4 giant cockroaches
  6 goblins
  9 hobgoblins
  6 jackals
  7 kobolds
  2 quokkas
  3 bats
  2 rats (D:3)
58 creatures vanquished.

Notes
Turn   | Place    | Note
-------+----------+-------------------------------------------
     0 | D:1      | Eirik the Draconian Chaos Knight began the quest for the
                  | Orb.
     0 | D:1      | Reached XP level 1. HP: 19/19 MP: 1/1
   174 | D:1      | Found a faded altar of an unknown god.
   412 | D:1      | Reached XP level 2. HP: 13/26 MP: 2/2
   729 | D:1      | XOM: silly message
   810 | D:1      | Found Puczojah's General Store.
   821 | D:1      | Reached XP level 3. HP: 27/31 MP: 3/3
   824 | D:1      | Bought a scroll of identify for 26 gold pieces
  1153 | D:3      | XOM: silly message
  1460 | D:3      | Reached XP level 4. HP: 27/40 MP: 4/4
  1464 | D:3      | Reached skill level 1 in Stealth
  1472 | D:3      | XOM: divination: detect creatures
  1767 | D:3      | Learned a level 2 spell: Scorch
  1833 | D:4      | XOM: silly message
  1909 | D:4      | XOM: silly message
  1912 | D:4      | XOM: divination: detect creatures
  1921 | D:4      | Reached skill level 1 in Evocations
  2190 | D:4      | XOM: give mutations
  2190 | D:4      | Gained mutation: Your muscles are strong. (Str +4, Int/Dex
                  | -1) [Xom's mischief]
  2190 | D:4      | Gained mutation: Your spells are a little easier to cast,
                  | but a little less powerful. [Xom's mischief]
  2382 | D:4      | Found a shadowy altar of Dithmenos.
  2418 | D:4      | Found a white marble altar of Elyvilon.
  2452 | D:4      | Noticed a water moccasin
  2460 | D:4      | Killed a water moccasin
  2461 | D:4      | Reached skill level 1 in Spellcasting
  2461 | D:4      | Reached XP level 5. HP: 12/46 MP: 2/6
  2623 | D:4      | XOM: noise
  2631 | D:5      | Entered Level 5 of the Dungeon
  2638 | D:5      | Noticed a water moccasin
  2638 | D:5      | XOM: butterfly on damage
  2642 | D:5      | Killed a water moccasin
  2643 | D:5      | Reached skill level 1 in Throwing
  2643 | D:5      | Reached skill level 1 in Fire Magic
  2643 | D:5      | Reached XP level 6. HP: 40/52 MP: 2/8
  2696 | D:5      | Learned a level 4 spell: Flame Wave
  2706 | D:6      | XOM: smoke on damage
  2711 | D:6      | Noticed a yak
  2711 | D:6      | Noticed a yak
  2994 | D:6      | XOM: potion effect (haste)
  3100 | D:6      | Succumbed to a kobold brigand's curare-tipped dart

Illustrated notes

Levels and vault maps discovered:
D:1:      elethiomel_arrival_maze, layout_basic,
          hellmonk_ecumenical_altar_pennies_from_heaven, serial_shops,
          nicolae_shop_competitors_out_of_business, st_stairs_13
D:2:      layout_basic, chequers_serial_rivers_micro_a, uniq_sigmund,
          uniq_crazy_yiuf_cottage
D:3:      layout_basic, hex_medium
D:4:      layout_loops_cross, mainiacjoe_overflow_two_lobes, lemuel_tele_altar,
          lemuel_crystal_altar, minmay_temple_entry_proselytizer, uniq_natasha
D:5:      layout_basic
D:6:      layout_loops_ring, serial_shops, nicolae_shop_window_shopping, shop,
          minmay_misc_feat_enclosed, grunt_decor_arrowhead, uniq_duvessa

Skill      XL: |  1  2  3  4  5 |
---------------+----------------+-----
Stealth        | 1 |  1.9
Axes           | 4 |  4.6
Evocations     | 1 |  1.7
Fighting       | 4 |  4.3
Dodging        | 3 |  3.3
Spellcasting   | 1 |  1.5
Throwing       | 1 |  1.2
Fire Magic     | 1 |  1.4
Conjurations   | |  0.3

Action                   |  1- 3 |  4- 6 || total
-------------------------+-------+-------++-------
Melee: Hand axe          |   109 |    36 ||   145
       Tailslap          |    11 |     4 ||    15
Throw: Javelin           |     1 |     5 ||     6
 Cast: Scorch            |       |     9 ||     9
Evoke: Piece from Xom's  |     4 |    11 ||    15
       Wand              |       |     7 ||     7
  Use: Scroll            |     2 |     5 ||     7
       Potion            |       |     4 ||     4
 Stab: Confused          |       |     1 ||     1
Armor: Skin              |    50 |    25 ||    75
Dodge: Dodged            |    97 |    49 ||   146
